 Dungeon Crawl Stone Soup version 0.30.0-10-gfe55d96785 (webtiles) character file.

Game seed: 4863109973465109134

42 dialectric the Firebug (level 3, -2/20 HPs)
             Began as a Vine Stalker Cinder Acolyte on May 14, 2023.
             Was a High Priest of Ignis.
             Splashed by a jelly's acid (4 damage)
             ... on level 3 of the Dungeon.
             The game lasted 00:01:25 (1503 turns).

dialectric the Firebug (VSCA)                       Turns: 1503, Time: 00:01:25

Health: -2/20      AC: -6    Str: 18    XL:     3   Next: 54%
Magic:  0/5        EV: 11    Int: 14    God:    Ignis [*****.]
Gold:   212        SH:  0    Dex:  9    Spells: 4/4 levels left

rFire   + . .        k - +0 short sword (venom)
rCold   . . .        (no shield)
rNeg    . . .        b - +0 robe
rPois   .            (no helmet)
rElec   .            (no cloak)
rCorr   .            (no gloves)
SInv    .            (no boots)
Will    .....        c - amulet of regeneration
Stlth   +            (no ring)
HPRegen 1.03/turn    (no ring)
MPRegen 0.09/turn

%: guardian spirit
@: corroded
A: fangs 2, magic shield, antimagic bite, no potion heal 2
a: Renounce Religion, Fiery Armour, Foxfire Swarm, Rising Flame


You were on level 3 of the Dungeon.
You worshipped Ignis.
Ignis was extremely pleased with you.
You visited 1 branch of the dungeon, and saw 3 of its levels.

You collected 212 gold pieces.

Inventory:

Hand Weapons
 a - a -1 falchion of flaming
 k - a +0 short sword of venom (weapon)
Armour
 b - a +0 robe (worn)
Jewellery
 c - an amulet of regeneration (around neck)
 h - a +6 ring of intelligence
Scrolls
 f - 2 scrolls of identify {unknown}
 i - a scroll of immolation {unknown}
 l - a scroll of poison {unknown}
 m - a scroll of fear {unknown}
Potions
 d - 3 potions of curing {unknown}
 e - a potion of lignification {unknown}
 g - 2 potions of brilliance {unknown}
 j - a potion of degeneration {unknown}


   Skills:
 + Level 3.1 Fighting
 + Level 0.1(1.9) Short Blades
 + Level 3.2 Long Blades
 + Level 0.1 Dodging
 + Level 0.4 Stealth
 + Level 1.1 Spellcasting
 + Level 3.4 Fire Magic


You had 4 spell levels left.
You didn't know any spells.
Your spell library contained the following spells:

 Spells                   Type           Power      Damage    Failure   Level
 Scorch                   Fire           20%        2d6       10%         2
 Apportation              Tloc           0%         N/A       26%         1
 Necrotise                Necr           0%         1d4       26%         1
 Summon Small Mammal      Summ           0%         N/A       26%         1


Dungeon Overview and Level Annotations

Branches:
Dungeon (3/15)

Altars:

Shops:
D:2 (


Innate Abilities, Weirdness & Mutations

You have extremely sharp teeth.
When hurt, damage is shared between your health and your magic reserves.
Your bite disrupts and absorbs the magic of your enemies.
Potions cannot restore your health.


Message History

You hit the endoplasm.
You kill the endoplasm!
No target in view!
No target in view!
No target in view!
No target in view!
No target in view!
You now have 212 gold pieces (gained 12).
Found a stone staircase leading up.
A jelly comes into view.
Found a stone staircase leading down.
The jelly quivers.
A jelly is nearby!
You hit the jelly.
Your hands burn!
You bite the jelly. You drain its power.
You feel invigorated.
The jelly is moderately wounded.
The jelly misses you.
You hit the jelly but do no damage. The acid corrodes you!
Your hands burn!
You bite the jelly, but do no damage.
The jelly is moderately wounded.
The jelly hits you. The acid corrodes you!
You are splashed with acid!
You are too injured to fight recklessly!
You are too injured to fight recklessly!
You are too injured to fight recklessly!
You are too injured to fight recklessly!
You are too injured to fight recklessly!
You are too injured to fight recklessly!
You are too injured to fight recklessly!
You are too injured to fight recklessly!
You are too injured to fight recklessly!
You hit the jelly but do no damage.
Your hands burn!
You bite the jelly, but do no damage.
The jelly is moderately wounded.
The jelly hits you.
You are splashed with acid!
* * * LOW HITPOINT WARNING * * *
You barely miss the jelly. You bite the jelly, but do no damage.
The jelly is moderately wounded.
The jelly barely misses you.
You hit the jelly but do no damage.
The jelly is poisoned.
Your hands burn!
You die...

#.####.#.#
#.# ##...#
#.# #..###
#.###..####
#..........
##...##.###
##.####.###
#########..#
#....
#.@.......##
#####
#.J#########
#..# >..#
####


You could see a jelly (very poisoned).

Vanquished Creatures
  An adder (D:2)
  2 ball pythons (D:2)
  2 bats
  4 endoplasms
  3 hobgoblins
  4 jackals
  6 kobolds
  3 frilled lizards
  3 goblins
  A rat (D:3)
29 creatures vanquished.

Notes
Turn   | Place    | Note
-------+----------+-------------------------------------------
     0 | D:1      | dialectric the Vine Stalker Cinder Acolyte began the quest
                  | for the Orb.
     0 | D:1      | Reached XP level 1. HP: 11/11 MP: 3/3
   608 | D:1      | Reached XP level 2. HP: 16/16 MP: 4/4
  1160 | D:2      | Reached XP level 3. HP: 19/19 MP: 5/5
  1169 | D:2      | Found Gerat's Antique Weapon Emporium.
  1388 | D:3      | Found a faded altar of an unknown god.
  1501 | D:3      | HP: 1/20 [acid (6)]
  1503 | D:3      | Splashed by a jelly's acid

Illustrated notes

Levels and vault maps discovered:
D:1:      lemuel_arrival_rhombus, layout_loops_corners, minmay_heptomino_h4
D:2:      layout_rooms, serial_shops, nicolae_shop_tiny_statue_garden
D:3:      layout_basic, shapermc_ecumenical_altar_totnotflames,
          minmay_quadrilaterals

Skill      XL: |  1  2  3 |
---------------+----------+-----
Long Blades    | 3 |  3.2
Fighting       | 3 |  3.1
Short Blades   | |  0.1
Dodging        | |  0.1
Stealth        | |  0.4
Spellcasting   | |  1.1
Fire Magic     | |  3.4

Action                     || total
---------------------------++-------
  Melee: Falchion          ||    62
         Bite              ||    18
         Short sword       ||    35
   Stab: Sleeping          ||     2
 Armour: Robe              ||    13
  Dodge: Dodged            ||    57
